Map: Overgrowth LE (Void)

Players

Bly

  • Race: Zerg Zerg
  • League: Grandmaster
  • Spawn Location: 1:00

LiquidSnute (Snute) - Winner!

  • Race: Zerg Zerg
  • League: Grandmaster
  • Spawn Location: 7:00

Event: NationWars IV

VOD

Have the link to the VOD?

Description

Time

  • Played on: Dec. 22, 2016, 3:56 p.m.
  • Length: 8:28

All games in this series

Show
View Real Time Build Order
Export as new Build Order

Bly Zerg 

Build Orders: Pool First 

Get SALT Encoding   

  12  0:01  Drone  
  13  0:12  Overlord  
  13  0:19  Drone  
  14  0:31  Drone  
  14  0:32  Drone  
  16  0:37  Drone  
  17  0:44  Spawning Pool  
  17  0:48  Drone  
  17  0:58  Extractor  
  17  1:00  Drone  
  17  1:13  Hatchery  
  16  1:19  Drone  
  17  1:31  Zergling x2, Queen  
  20  1:37  Drone  
  21  1:42  Overlord  
  21  1:50  Drone  
  22  2:04  Drone  
  22  2:06  Metabolic Boost  
  22  2:07  Queen  
  25  2:17  Drone  
  26  2:25  Drone, Queen  
  26  2:26  Drone  
  30  2:35  Overlord  
  30  2:38  Drone  
  31  2:44  Drone x2  
  31  2:50  Zergling x6  
  36  3:02  Zergling x4  
  38  3:16  Zergling x6  
  40  3:25  Drone  
  40  3:26  Drone  
  42  3:31  Hatchery  
  42  3:32  Zergling x6  
  44  3:35  Overlord  
  42  3:48  Roach Warren  
  42  3:52  Zergling x4  
  42  4:04  Drone x3  
  42  4:06  Drone x2  
  42  4:07  Drone x3  
  50  4:15  Overlord  
  47  4:21  Zergling x6  
  48  4:31  Roach  
  50  4:33  Roach  
  50  4:34  Roach x2  
  50  4:35  Drone  
  55  4:41  Roach x3  
  55  4:51  Roach x3  
  53  4:55  Zergling x4  
  53  4:56  Zergling x2  
  51  5:02  Ravager  
  51  5:06  Ravager x2  
  54  5:11  Zergling x8  
  48  5:17  Ravager  
  48  5:18  Zergling x8  
  48  5:20  Ravager  
  52  5:31  Drone x2  
  52  5:32  Drone x2  
  56  5:41  Queen  
  58  6:01  Overlord x3  
  58  6:02  Overlord x2  
  58  6:06  Extractor  
  57  6:15  Overlord  
  57  6:22  Roach  
  57  6:23  Roach x5  
  68  6:27  Queen  
  70  6:45  Roach x6  
  77  6:57  Drone  
  77  6:58  Drone x2  
  79  7:11  Roach  
  79  7:12  Roach x4  
  88  7:18  Ravager  
  89  7:23  Zergling x10  
  89  7:24  Zergling x2  
  91  7:43  Roach  
  91  7:44  Roach x5  
  85  7:50  Zergling x4, Roach  
  69  8:02  Zergling x6  
Show
View Real Time Build Order
Export as new Build Order

LiquidSnute Zerg - Winner!

Build Orders: Hatch First 

Get SALT Encoding   

  12  0:00  Drone  
  13  0:12  Overlord  
  13  0:17  Drone  
  14  0:30  Drone x2  
  14  0:34  Drone  
  17  0:50  Hatchery  
  17  0:53  Drone  
  17  1:06  Spawning Pool  
  17  1:09  Drone  
  17  1:12  Drone  
  17  1:16  Extractor  
  17  1:17  Drone  
  18  1:27  Drone  
  19  1:38  Overlord  
  19  1:49  Drone  
  19  1:53  Queen  
  22  2:00  Zergling x2  
  23  2:02  Zergling x2, Queen  
  26  2:11  Zergling x2  
  26  2:13  Drone  
  28  2:16  Metabolic Boost  
  28  2:21  Drone  
  29  2:28  Zergling x2  
  32  2:37  Queen  
  32  2:38  Drone x2  
  36  2:45  Overlord  
  36  2:47  Drone  
  35  2:53  Drone  
  36  3:03  Drone  
  36  3:05  Drone  
  38  3:06  Hatchery  
  37  3:14  Baneling Nest, Zergling x4  
  37  3:15  Zergling x4  
  39  3:21  Zergling x2  
  39  3:24  Overlord  
  39  3:25  Zergling x2  
  39  3:26  Zergling x2  
  41  3:28  Zergling x2  
  41  3:29  Zergling x2  
  41  3:36  Zergling x2  
  41  3:38  Zergling x2  
  43  3:41  Zergling x2  
  43  3:42  Zergling x4  
  45  3:50  Zergling x4  
  47  4:00  Zergling x8  
  49  4:05  Roach Warren  
  48  4:11  Drone x2  
  48  4:18  Drone x2  
  48  4:19  Drone  
  51  4:30  Drone x3  
  53  4:35  Extractor  
  53  4:36  Overlord  
  52  4:38  Zergling x2  
  52  4:39  Zergling x2  
  51  4:46  Zergling x6  
  51  4:52  Roach x2  
  57  4:58  Roach  
  59  5:03  Roach x2  
  59  5:06  Roach x2  
  66  5:13  Zergling x2  
  65  5:14  Zergling x4  
  65  5:19  Drone x2  
  66  5:23  Overlord x3  
  66  5:25  Overlord  
  65  5:42  Drone  
  65  5:43  Drone x5  
  65  5:44  Drone  
  65  5:45  Roach x2  
  65  5:48  Drone  
  65  5:49  Drone  
  77  5:52  Extractor  
  77  5:53  Drone x3  
  79  5:58  Roach x2  
  83  6:04  Roach x4  
  83  6:10  Roach  
  93  6:16  Roach x2  
  93  6:17  Overlord  
  97  6:23  Overlord  
  97  6:24  Overlord  
  97  6:28  Overlord  
  96  6:36  Ravager  
  96  6:37  Ravager x4  
  96  6:38  Zergling x2  
  96  6:39  Zergling x6, Overlord  
  105  6:46  Zergling x14  
  110  6:57  Ravager x2  
  111  7:02  Zergling x16  
  111  7:04  Lair  
  111  7:07  Evolution Chamber  
  118  7:12  Zergling x2  
  118  7:13  Zergling x6  
  122  7:15  Overlord  
  122  7:18  Ravager  
  123  7:23  Zergling x8  
  123  7:25  Ravager  
  127  7:32  Zergling x2  
  127  7:33  Zergling x10  
  124  7:40  Zergling x10  
  118  7:45  Zergling x4  
  107  7:52  Roach x3  
  111  8:03  Zergling x14  
Tags
 
Add a new tag
Caveats
  • Supply blocks, unpowered buildings, or Contaminate may cause inaccurate times.
  • Supply counts are checked every 10 seconds.